[Event "XLIV Barbera del Valles-A 2022"]
[Site "Barbera del Valles"]
[Date "2022.07.10"]
[Round "7.7"]
[White "Christodoulaki, Antonia"]
[Black "Asis Gargatagli, Hipolito"]
[Result "0-1"]
[ECO "C47"]
[WhiteElo "2067"]
[BlackElo "2514"]
[Annotator "TA"]
[PlyCount "50"]
[EventDate "2022.07.04"]
[EventType "swiss"]
[EventCountry "ESP"]
[SourceTitle "playchess.com"]
[Source "ChessBase"]
[SourceQuality "1"]
[TimeControl "5400+30"]

1. e4 e5 2. Nf3 Nc6 3. Nc3 Nf6 4. d4 exd4 5. Nxd4 Bb4 6. Nxc6 bxc6 7. Bd3 O-O 8. O-O Re8 9. Re1 {[%emt 0:00:39] C47: Scotch Four Knights and Four Knights with 4 g3.} d6 10. h3 Nd7 11. Bd2 {[%emt 0:10:17] The position is equal.} Rb8 {[%emt 0:08:59] [#]} 12. Bc4 $146 ({Predecessor:} 12. a3 Bc5 13. Na4 Bd4 14. c3 Bf6 15. b4 a5 16. Qc2 h6 17. f4 Ra8 18. Rad1 {0-1 (34) Herzog,K (1960)-Oppel,D (1881) GER email 2018}) 12... Ne5 13. Bb3 {[%emt 0:01:29] [#]} ({Better is} 13. Bf1 $1 $15) 13... Qh4 $1 $17 {[%emt 0:01:47] And now ...Bc5 would win.} 14. Be3 {[%emt 0:20:30] [#]} Bxh3 $1 15. Qe2 (15. gxh3 $2 Bxc3 16. bxc3 Qxh3 17. Bxa7 Nf3+ 18. Qxf3 Qxf3 $19) 15... a5 $40 {[%emt 0:49:09][%cal Ba7a5,Ba5a4][%mdl 160] aiming for ...a4! Black has strong attack.} 16. a3 ({Not} 16. gxh3 $2 Bxc3 17. bxc3 Qxh3 $19) (16. f4 $17 Bg4 17. Qf2 Qxf2+ 18. Bxf2) 16... Bxc3 $19 17. bxc3 a4 ({Don't go for} 17... Qxe4 $2 18. gxh3 Nf3+ 19. Kf1 Nh2+ 20. Kg1 Nf3+ 21. Kf1 $19) 18. Ba2 Bg4 ({Wrong is} 18... Qxe4 $2 19. gxh3 Nf3+ 20. Kf1 $19) 19. f3 {[%emt 0:00:39] [#]} Bxf3 $1 {[%emt 0:00:34][%mdl 512] Chess con chili.} 20. gxf3 (20. Qf2 Qxf2+) 20... Qg3+ 21. Qg2 $2 (21. Kf1 Nxf3 22. Qf2 Qxf2+ 23. Bxf2 Nxe1 24. Kxe1) 21... Nxf3+ {[%emt 0:00:27] Black is clearly winning.} 22. Kf1 Qxg2+ 23. Kxg2 Nxe1+ 24. Rxe1 Rxe4 25. Kf3 Rbe8 {[%emt 0:00:22] Black took control after the opening.  Weighted Error Value: White=0.75/Black=0.02 (flawless)} 0-1

[Event "XLIV Barbera del Valles-A 2022"]
[Site "Barbera del Valles"]
[Date "2022.07.10"]
[Round "7.8"]
[White "Perez Bolanos, David"]
[Black "Munoz, Miguel"]
[Result "1/2-1/2"]
[ECO "B01"]
[WhiteElo "2041"]
[BlackElo "2408"]
[Annotator "RC"]
[PlyCount "37"]
[EventDate "2022.07.04"]
[EventType "swiss"]
[EventCountry "ESP"]
[SourceTitle "playchess.com"]
[Source "ChessBase"]
[SourceQuality "1"]
[TimeControl "5400+30"]

1. e4 d5 2. exd5 Qxd5 3. Nc3 Qa5 4. d4 Nf6 5. Nf3 Bg4 6. h3 Bxf3 7. Qxf3 c6 8. Bd2 Nbd7 9. O-O-O e6 10. a3 Qc7 11. g4 Nd5 12. Ne4 b5 13. Bd3 a5 14. Rhe1 Be7 15. Bg5 Bxg5+ 16. Nxg5 Qf4+ 17. Qxf4 Nxf4 18. d5 Nc5 19. dxe6 1/2-1/2

[Event "XLIV Barbera del Valles-A 2022"]
[Site "Barbera del Valles"]
[Date "2022.07.10"]
[Round "7.9"]
[White "Shah, Vishwa"]
[Black "Vehi Bach, Victor Manuel"]
[Result "0-1"]
[ECO "C00"]
[WhiteElo "1931"]
[BlackElo "2290"]
[Annotator "RC"]
[PlyCount "118"]
[EventDate "2022.07.04"]
[EventType "swiss"]
[EventCountry "ESP"]
[SourceTitle "playchess.com"]
[Source "ChessBase"]
[SourceQuality "1"]
[TimeControl "5400+30"]

1. e4 c5 2. Nf3 e6 3. g3 Nc6 4. Bg2 Nf6 5. Qe2 e5 6. O-O Be7 7. c3 d6 8. d3 O-O 9. a3 h6 10. b4 Re8 11. Nbd2 Bf8 12. Bb2 g6 13. b5 Na5 14. c4 b6 15. Ne1 Bg7 16. Nc2 a6 17. a4 Nb7 18. Ne3 Nh7 19. Nb3 a5 20. f4 exf4 21. gxf4 Bxb2 22. Qxb2 Nf6 23. e5 Ra7 24. Rae1 Nh7 25. Nd5 Be6 26. Nd2 Bxd5 27. Bxd5 Qh4 28. Ne4 dxe5 29. Bxb7 Rxb7 30. Nd6 Rbe7 31. Nxe8 Rxe8 32. Rxe5 Rd8 33. Qe2 Nf6 34. Rf3 Rd4 35. Qe1 Qg4+ 36. Qg3 Qd7 37. Qh4 Kg7 38. Qg3 h5 39. Rg5 h4 40. Qxh4 Rxd3 41. Rf1 Qd4+ 42. Qf2 Qxf2+ 43. Kxf2 Rd4 44. Ke3 Rxc4 45. Ra1 Rd4 46. f5 Nd5+ 47. Kf3 Rf4+ 48. Kg3 Rd4 49. fxg6 fxg6 50. Rg4 Rd3+ 51. Kh4 Rd2 52. h3 Ne3 53. Re4 Nf5+ 54. Kg4 Kf6 55. Rae1 Nd4 56. Rf1+ Kg7 57. Re7+ Kh6 58. h4 Nf5 59. Rb7 Ne3+ 0-1

[Event "XLIV Barbera del Valles-A 2022"]
[Site "Barbera del Valles"]
[Date "2022.07.10"]
[Round "7.10"]
[White "Barros, Raul Junior"]
[Black "Ortiz Verdezoto, Anahi"]
[Result "1/2-1/2"]
[ECO "C47"]
[WhiteElo "2174"]
[BlackElo "2046"]
[Annotator "RC"]
[PlyCount "34"]
[EventDate "2022.07.04"]
[EventType "swiss"]
[EventCountry "ESP"]
[SourceTitle "playchess.com"]
[Source "ChessBase"]
[SourceQuality "1"]
[TimeControl "5400+30"]

1. e4 e5 2. Nf3 Nc6 3. d4 exd4 4. Nxd4 Nf6 5. Nc3 Bb4 6. Nxc6 bxc6 7. Bd3 d5 8. exd5 O-O 9. O-O cxd5 10. Bg5 c6 11. Qf3 Bd6 12. h3 Rb8 13. Rab1 h6 14. Bf4 Rb4 15. Bd2 Be5 16. Rfe1 Qd6 17. a3 Rh4 1/2-1/2

[Event "XLIV Barbera del Valles-A 2022"]
[Site "Barbera del Valles"]
[Date "2022.07.11"]
[Round "8.2"]
[White "Rios, Cristhian Camilo"]
[Black "Narciso Dublan, Marc"]
[Result "1/2-1/2"]
[ECO "A21"]
[WhiteElo "2399"]
[BlackElo "2461"]
[Annotator "ChessBase"]
[PlyCount "37"]
[EventDate "2022.07.04"]
[EventType "swiss"]
[EventCountry "ESP"]
[SourceTitle "playchess.com"]
[Source "ChessBase"]
[SourceQuality "1"]
[TimeControl "5400+30"]

1. c4 e5 2. Nc3 d6 3. d4 exd4 4. Qxd4 Nc6 5. Qd2 Nf6 6. b3 a5 7. g3 a4 8. Bb2 a3 9. Bc1 g6 10. Bg2 Bg7 11. e4 O-O 12. Nge2 Re8 13. Rb1 Nd7 14. O-O Nc5 15. b4 Na4 16. Nb5 Nb2 17. Nxa3 Rxa3 18. Bxb2 Rxa2 19. Nc3 1/2-1/2

[Event "XLIV Barbera del Valles-A 2022"]
[Site "Barbera del Valles"]
[Date "2022.07.11"]
[Round "8.3"]
[White "Valenzuela Gomez, Fernando"]
[Black "Alsina Leal, Daniel"]
[Result "1-0"]
[ECO "B45"]
[WhiteElo "2373"]
[BlackElo "2525"]
[Annotator "ChessBase"]
[PlyCount "60"]
[EventDate "2022.07.04"]
[EventType "swiss"]
[EventCountry "ESP"]
[SourceTitle "playchess.com"]
[Source "ChessBase"]
[SourceQuality "1"]
[TimeControl "5400+30"]

1. e4 c5 2. Nf3 e6 3. d4 cxd4 4. Nxd4 Nf6 5. Nc3 Nc6 6. Nxc6 bxc6 7. e5 Nd5 8. Ne4 Qc7 9. f4 Qb6 10. c4 Ne3 11. Qd3 Bb4+ 12. Bd2 Ba6 13. Rc1 Bxc4 14. Rxc4 Nxc4 15. Qxc4 Bxd2+ 16. Kxd2 Qxb2+ 17. Ke3 O-O 18. Be2 Rab8 19. Rd1 Rb4 20. Qd3 Qxa2 21. Kf2 h6 22. Rd2 Rb2 23. Nf6+ gxf6 24. exf6 Qb3 25. Rxb2 Qxd3 26. Bxd3 a5 27. Bc2 Ra8 28. Rb3 c5 29. Rg3+ Kf8 30. Bh7 Ke8 1-0

[Event "XLIV Barbera del Valles-A 2022"]
[Site "Barbera del Valles"]
[Date "2022.07.11"]
[Round "8.4"]
[White "Cuartas, Jaime Alexander"]
[Black "Dahale, Atul"]
[Result "1-0"]
[ECO "B22"]
[WhiteElo "2513"]
[BlackElo "2162"]
[Annotator "ChessBase"]
[PlyCount "63"]
[EventDate "2022.07.04"]
[EventType "swiss"]
[EventCountry "ESP"]
[SourceTitle "playchess.com"]
[Source "ChessBase"]
[SourceQuality "1"]
[TimeControl "5400+30"]

1. e4 c5 2. c3 d5 3. exd5 Qxd5 4. d4 Nf6 5. Nf3 Bg4 6. Qa4+ Bd7 7. Qb3 Qxb3 8. axb3 e6 9. Nbd2 cxd4 10. Nxd4 Bc5 11. Nb5 Bxb5 12. Bxb5+ Nbd7 13. b4 Be7 14. Nb3 O-O 15. Na5 Rab8 16. O-O Ne5 17. Bf4 Bd6 18. Bg3 a6 19. Ba4 Nh5 20. Bxe5 Bxe5 21. Bd1 Nf4 22. Bf3 Nd5 23. Rfd1 Rfd8 24. Rd3 Bc7 25. Rad1 Nf4 26. Rxd8+ Rxd8 27. Rxd8+ Bxd8 28. Bxb7 Nd3 29. Nc4 e5 30. Be4 Nf4 31. Nxe5 f6 32. Nc4 1-0

[Event "XLIV Barbera del Valles-A 2022"]
[Site "Barbera del Valles"]
[Date "2022.07.11"]
[Round "8.5"]
[White "Vehi Bach, Victor Manuel"]
[Black "Pimpalkhare Vedant"]
[Result "1/2-1/2"]
[ECO "C13"]
[WhiteElo "2290"]
[BlackElo "2057"]
[Annotator "ChessBase"]
[PlyCount "37"]
[EventDate "2022.07.04"]
[EventType "swiss"]
[EventCountry "ESP"]
[SourceTitle "playchess.com"]
[Source "ChessBase"]
[SourceQuality "1"]
[TimeControl "5400+30"]

1. e4 e6 2. d4 d5 3. Nc3 Nf6 4. Bg5 dxe4 5. Nxe4 Be7 6. Bxf6 gxf6 7. Nf3 f5 8. Nc3 a6 9. g3 b5 10. Bg2 Bb7 11. Qe2 O-O 12. Rd1 b4 13. Na4 Nd7 14. O-O Bc6 15. Nc5 Bxc5 16. dxc5 Bb5 17. Qe3 Bxf1 18. Rxd7 Qxd7 19. Qg5+ 1/2-1/2

[Event "XLIV Barbera del Valles-A 2022"]
[Site "Barbera del Valles"]
[Date "2022.07.11"]
[Round "8.6"]
[White "Munoz, Miguel"]
[Black "Asis Gargatagli, Hipolito"]
[Result "1/2-1/2"]
[ECO "C77"]
[WhiteElo "2408"]
[BlackElo "2514"]
[Annotator "ChessBase"]
[PlyCount "77"]
[EventDate "2022.07.04"]
[EventType "swiss"]
[EventCountry "ESP"]
[SourceTitle "playchess.com"]
[Source "ChessBase"]
[SourceQuality "1"]
[TimeControl "5400+30"]

1. e4 e5 2. Nf3 Nc6 3. Bb5 a6 4. Ba4 Nf6 5. Bxc6 dxc6 6. d3 Bd6 7. Nbd2 Be6 8. Ng5 Bg4 9. Ngf3 Nd7 10. h3 Be6 11. Nc4 f6 12. Qe2 Qe7 13. Be3 a5 14. Nfd2 Bc5 15. O-O O-O 16. a4 b6 17. Bxc5 Nxc5 18. Ne3 b5 19. axb5 cxb5 20. f4 exf4 21. Rxf4 Na4 22. Qh5 Qd7 23. Nf3 Nxb2 24. e5 Na4 25. exf6 Rxf6 26. Rxf6 gxf6 27. Qh4 Rf8 28. d4 c6 29. c4 Nb6 30. cxb5 cxb5 31. Rxa5 Nd5 32. Nxd5 Bxd5 33. Nd2 Qg7 34. Qf2 Rb8 35. Ra3 Kh8 36. Rg3 Qe7 37. Re3 Qg7 38. Rg3 Qe7 39. Re3 1/2-1/2

[Event "XLIV Barbera del Valles-A 2022"]
[Site "Barbera del Valles"]
[Date "2022.07.11"]
[Round "8.7"]
[White "Sanchez, Sebastian Felipe"]
[Black "Del Amo Carbo, Jordi"]
[Result "1/2-1/2"]
[ECO "A45"]
[WhiteElo "2440"]
[BlackElo "2148"]
[Annotator "ChessBase"]
[PlyCount "70"]
[EventDate "2022.07.04"]
[EventType "swiss"]
[EventCountry "ESP"]
[SourceTitle "playchess.com"]
[Source "ChessBase"]
[SourceQuality "1"]
[TimeControl "5400+30"]

1. d4 Nf6 2. Bg5 d5 3. e3 c5 4. c3 e6 5. Nd2 Nc6 6. f4 Be7 7. Bd3 O-O 8. Ngf3 b6 9. O-O Bb7 10. Ne5 h6 11. Bh4 Ne4 12. Bxe7 Nxe7 13. Qe2 f6 14. Ng4 Nf5 15. Rad1 Qe7 16. Nf2 Nfd6 17. Rfe1 Rad8 18. Bxe4 dxe4 19. dxc5 bxc5 20. c4 f5 21. Nb1 e5 22. fxe5 Qxe5 23. Nc3 Nf7 24. Qc2 Bc6 25. Ne2 g5 26. Qc3 Qxc3 27. Nxc3 Ne5 28. b3 Kf7 29. Kf1 h5 30. Ke2 Ke6 31. Rf1 h4 32. Nh3 Kf6 33. Nf2 Ke6 34. Nh3 Kf6 35. Nf2 Ke6 1/2-1/2

[Event "XLIV Barbera del Valles-A 2022"]
[Site "Barbera del Valles"]
[Date "2022.07.11"]
[Round "8.8"]
[White "Alvarez Albiol, Victor"]
[Black "Ortiz Verdezoto, Anahi"]
[Result "1-0"]
[ECO "C60"]
[WhiteElo "2367"]
[BlackElo "2046"]
[Annotator "ChessBase"]
[PlyCount "82"]
[EventDate "2022.07.04"]
[EventType "swiss"]
[EventCountry "ESP"]
[SourceTitle "playchess.com"]
[Source "ChessBase"]
[SourceQuality "1"]
[TimeControl "5400+30"]

1. e4 e5 2. Nf3 Nc6 3. Bb5 Nge7 4. c3 a6 5. Bc4 d5 6. exd5 Nxd5 7. O-O Nb6 8. Bb3 Bd6 9. d4 O-O 10. dxe5 Nxe5 11. Nxe5 Bxe5 12. Bxf7+ Kxf7 13. Qh5+ Ke6 14. f4 Rf5 15. Qe2 Qd5 16. Re1 Kf7 17. fxe5 Nc4 18. Nd2 Nxe5 19. Ne4 Qd3 20. Ng3 Qxe2 21. Rxe2 Nd3 22. Nxf5 Bxf5 23. Bg5 Kg6 24. Bh4 Nf4 25. Re7 Rf8 26. Rf1 Bd3 27. Rf2 Rf5 28. Bg3 Nd5 29. Rd7 c6 30. Rxf5 Kxf5 31. Rxg7 Ne3 32. Rxh7 Nd1 33. Rxb7 Bb5 34. c4 Bxc4 35. b3 Bd3 36. Rb6 Nc3 37. a4 c5 38. Rc6 Ke4 39. Rxc5 Ne2+ 40. Kf2 Kd4 41. Rc7 Kd5 1-0

[Event "XLIV Barbera del Valles-A 2022"]
[Site "Barbera del Valles"]
[Date "2022.07.11"]
[Round "8.9"]
[White "Barros, Raul Junior"]
[Black "Perez Bolanos, David"]
[Result "1-0"]
[ECO "C22"]
[WhiteElo "2174"]
[BlackElo "2041"]
[Annotator "ChessBase"]
[PlyCount "91"]
[EventDate "2022.07.04"]
[EventType "swiss"]
[EventCountry "ESP"]
[SourceTitle "playchess.com"]
[Source "ChessBase"]
[SourceQuality "1"]
[TimeControl "5400+30"]

1. e4 e5 2. d4 exd4 3. Qxd4 Nc6 4. Qc4 Bb4+ 5. Bd2 Bxd2+ 6. Nxd2 Nf6 7. O-O-O O-O 8. g3 Rb8 9. Bg2 d6 10. Nb3 Be6 11. Qc3 a5 12. Kb1 Nd7 13. Ne2 f6 14. Nf4 Bf7 15. Nd5 a4 16. Nd4 Nxd4 17. Rxd4 Nc5 18. Rhd1 Re8 19. f4 Kh8 20. Qf3 Bg6 21. f5 Bf7 22. g4 Bxd5 23. exd5 Re5 24. Bf1 Qe7 25. Bb5 Ra8 26. a3 Ra5 27. Qf1 h6 28. Qc4 Qd8 29. Qb4 Qa8 30. h4 Kh7 31. Rg1 c6 32. Bc4 Nb3 33. Rd3 Nc5 34. Rdd1 b5 35. Ba2 Ra7 36. g5 Rxf5 37. gxh6 g6 38. Rxg6 Kxg6 39. Qg4+ Rg5 40. hxg5 fxg5 41. Rf1 Qg8 42. Qf5+ Kxh6 43. Rh1+ Kg7 44. Qxg5+ Kf8 45. Rf1+ Rf7 46. Qd8+ 1-0

[Event "XLIV Barbera del Valles-A 2022"]
[Site "Barbera del Valles"]
[Date "2022.07.11"]
[Round "8.10"]
[White "Vergara Jofre, Felipe"]
[Black "Deodhar, Vrushali Umesh"]
[Result "1-0"]
[ECO "C02"]
[WhiteElo "2151"]
[BlackElo "1984"]
[Annotator "ChessBase"]
[PlyCount "133"]
[EventDate "2022.07.04"]
[EventType "swiss"]
[EventCountry "ESP"]
[SourceTitle "playchess.com"]
[Source "ChessBase"]
[SourceQuality "1"]
[TimeControl "5400+30"]

1. e4 e6 2. d4 d5 3. e5 c5 4. c3 Nc6 5. Nf3 Bd7 6. Be2 Nge7 7. Na3 Nf5 8. Nc2 Be7 9. dxc5 Qc7 10. Ncd4 Nh4 11. Nxh4 Bxh4 12. Nxc6 Bxc6 13. Qd4 Be7 14. O-O O-O 15. Be3 f6 16. f4 f5 17. b4 Qd7 18. c4 a6 19. cxd5 Bxd5 20. Bc4 Rfd8 21. Bxd5 Qxd5 22. Qxd5 Rxd5 23. Kf2 a5 24. a3 Rd3 25. Rfd1 Rad8 26. Ke2 Rxd1 27. Rxd1 Rxd1 28. Kxd1 axb4 29. axb4 Kf7 30. Ke2 Ke8 31. Kd3 Kd7 32. Kc4 Kc6 33. Bd2 Bd8 34. b5+ Kd7 35. Bb4 g6 36. h3 Bh4 37. g4 h6 38. Kd3 Bd8 39. Ke3 Bh4 40. Kf3 Kc7 41. Ba5+ Kd7 42. Bb6 Be1 43. Ba7 Kc8 44. Bb6 Kd7 45. Ke2 Bg3 46. Ke3 Be1 47. Kf3 Bh4 48. Ba5 Be7 49. Bb4 Bh4 50. Bd2 Bd8 51. Kg3 Be7 52. Be3 Bd8 53. g5 h5 54. Bd2 Bc7 55. Kf3 Bd8 56. Ke3 Be7 57. Bb4 Bd8 58. Kd4 Bc7 59. Kc4 Bd8 60. Bc3 Be7 61. Bd2 Bd8 62. Bb4 Bc7 63. b6 Bd8 64. Kb5 Be7 65. c6+ bxc6+ 66. Ka6 c5 67. b7 1-0

[Event "XLIV Barbera del Valles-A 2022"]
[Site "Barbera del Valles"]
[Date "2022.07.12"]
[Round "9.1"]
[White "Gkoumas, Georgios"]
[Black "Valenzuela Gomez, Fernando"]
[Result "1-0"]
[ECO "C80"]
[WhiteElo "2427"]
[BlackElo "2373"]
[Annotator "ChessBase"]
[PlyCount "49"]
[EventDate "2022.07.04"]
[EventType "swiss"]
[EventCountry "ESP"]
[SourceTitle "playchess.com"]
[Source "ChessBase"]
[SourceQuality "1"]
[TimeControl "5400+30"]

1. e4 e5 2. Nf3 Nc6 3. Bb5 a6 4. Ba4 Nf6 5. O-O Nxe4 6. Re1 Nc5 7. Bxc6 dxc6 8. Nxe5 Be7 9. d4 Ne6 10. Be3 O-O 11. c4 Bf6 12. f4 g6 13. Nc3 Ng7 14. Qf3 Bh4 15. g3 Be7 16. d5 f6 17. dxc6 fxe5 18. cxb7 Bxb7 19. Qxb7 Nf5 20. Rad1 Qb8 21. Qxb8 Raxb8 22. Nd5 Rxb2 23. Nxe7+ Nxe7 24. Bc5 Rf7 25. fxe5 1-0

[Event "XLIV Barbera del Valles-A 2022"]
[Site "Barbera del Valles"]
[Date "2022.07.12"]
[Round "9.2"]
[White "Narciso Dublan, Marc"]
[Black "Cuartas, Jaime Alexander"]
[Result "0-1"]
[ECO "A07"]
[WhiteElo "2461"]
[BlackElo "2513"]
[Annotator "ChessBase"]
[PlyCount "84"]
[EventDate "2022.07.04"]
[EventType "swiss"]
[EventCountry "ESP"]
[SourceTitle "playchess.com"]
[Source "ChessBase"]
[SourceQuality "1"]
[TimeControl "5400+30"]

1. g3 d5 2. Bg2 Nf6 3. d3 e5 4. Nf3 Nc6 5. O-O Be7 6. a3 a5 7. Nc3 d4 8. Nb5 O-O 9. e3 a4 10. exd4 Nxd4 11. Nbxd4 exd4 12. Re1 Re8 13. Bg5 h6 14. Bxf6 Bxf6 15. Nd2 Rxe1+ 16. Qxe1 c6 17. b4 axb3 18. cxb3 Be7 19. b4 Be6 20. Qc1 Ra4 21. Nc4 Ra7 22. h4 Qa8 23. Nb6 Qf8 24. Rb1 Qd8 25. Nc4 Bxc4 26. Qxc4 Rxa3 27. b5 Rc3 28. Qa4 Rxd3 29. bxc6 bxc6 30. Bxc6 Ra3 31. Qd1 d3 32. Qh5 Ra5 33. Qf3 d2 34. Rd1 Re5 35. Kg2 Bb4 36. Qb3 Qd4 37. Bf3 g6 38. Qa4 Re1 39. Qa8+ Kg7 40. Qa4 h5 41. Qc2 Bc3 42. Qb3 Qd3 0-1

[Event "XLIV Barbera del Valles-A 2022"]
[Site "Barbera del Valles"]
[Date "2022.07.12"]
[Round "9.3"]
[White "Alvarez Albiol, Victor"]
[Black "Rios, Cristhian Camilo"]
[Result "0-1"]
[ECO "B10"]
[WhiteElo "2367"]
[BlackElo "2399"]
[Annotator "ChessBase"]
[PlyCount "86"]
[EventDate "2022.07.04"]
[EventType "swiss"]
[EventCountry "ESP"]
[SourceTitle "playchess.com"]
[Source "ChessBase"]
[SourceQuality "1"]
[TimeControl "5400+30"]

1. e4 c6 2. Nf3 d5 3. d3 g6 4. Nc3 Bg7 5. Qe2 d4 6. Nb1 e5 7. g3 Ne7 8. Bg2 O-O 9. O-O h6 10. c3 c5 11. b4 cxb4 12. cxd4 exd4 13. a3 Nbc6 14. axb4 Nxb4 15. Ba3 Nec6 16. Ne1 Re8 17. Nc2 Nd5 18. Qd2 Nc3 19. Bb2 Na5 20. Ra3 Nxb1 21. Rxb1 b6 22. Ba1 Be6 23. e5 Bd5 24. f4 f6 25. Rb5 Bxg2 26. Qxg2 Rc8 27. Bb2 fxe5 28. fxe5 Bxe5 29. Nb4 Bg7 30. Ra1 Qe7 31. Nd5 Qe1+ 32. Qf1 Qxf1+ 33. Rxf1 Rc2 34. Rf2 Re1+ 35. Kg2 Rxf2+ 36. Kxf2 Rb1 37. Ne7+ Kf7 38. Nc8 Nc6 39. Nd6+ Ke6 40. Nc4 Ne5 41. Nxe5 Bxe5 42. Kf3 Bd6 43. Ke4 Bc5 0-1

[Event "XLIV Barbera del Valles-A 2022"]
[Site "Barbera del Valles"]
[Date "2022.07.12"]
[Round "9.4"]
[White "Dahale, Atul"]
[Black "Moskalenko, Viktor"]
[Result "1/2-1/2"]
[ECO "D94"]
[WhiteElo "2162"]
[BlackElo "2457"]
[Annotator "ChessBase"]
[PlyCount "106"]
[EventDate "2022.07.04"]
[EventType "swiss"]
[EventCountry "ESP"]
[SourceTitle "playchess.com"]
[Source "ChessBase"]
[SourceQuality "1"]
[TimeControl "5400+30"]

1. d4 Nf6 2. c4 c5 3. e3 g6 4. Nc3 Bg7 5. Nf3 O-O 6. Be2 cxd4 7. exd4 d5 8. h3 Nc6 9. O-O b6 10. Be3 Bb7 11. Rc1 dxc4 12. Bxc4 Na5 13. Bd3 Nd5 14. Qe2 Nb4 15. Bb1 Rc8 16. a3 Nd5 17. Nxd5 Bxd5 18. Ne5 Rxc1 19. Rxc1 Qa8 20. f3 Rc8 21. Rd1 Nc4 22. Bf4 Nxe5 23. dxe5 e6 24. Bg5 Qb8 25. f4 Qc7 26. Bd3 Qc5+ 27. Qf2 h6 28. Qxc5 Rxc5 29. Be7 Rc7 30. Bd6 Rc8 31. Kf2 Bf8 32. Bxf8 Kxf8 33. g4 Rc5 34. h4 Bb3 35. Re1 Ke7 36. Re3 Bd1 37. g5 h5 38. Re1 Bc2 39. Ke3 Bxd3 40. Kxd3 Kd7 41. b4 Rd5+ 42. Ke3 Kc6 43. Rc1+ Kb7 44. a4 a6 45. Rc4 Rd1 46. Rd4 Rb1 47. Rd7+ Kc6 48. Rxf7 Rb3+ 49. Kd2 Rxb4 50. Ke3 Rb3+ 51. Ke4 Rb4+ 52. Ke3 Rb3+ 53. Ke4 Rb4+ 1/2-1/2

[Event "XLIV Barbera del Valles-A 2022"]
[Site "Barbera del Valles"]
[Date "2022.07.12"]
[Round "9.5"]
[White "Alsina Leal, Daniel"]
[Black "Vergara Jofre, Felipe"]
[Result "1/2-1/2"]
[ECO "D37"]
[WhiteElo "2525"]
[BlackElo "2151"]
[Annotator "ChessBase"]
[PlyCount "113"]
[EventDate "2022.07.04"]
[EventType "swiss"]
[EventCountry "ESP"]
[SourceTitle "playchess.com"]
[Source "ChessBase"]
[SourceQuality "1"]
[TimeControl "5400+30"]

1. c4 e6 2. Nc3 d5 3. d4 a6 4. cxd5 exd5 5. Nf3 Nf6 6. Bg5 c6 7. e3 Be6 8. Bd3 Nbd7 9. O-O Bd6 10. Re1 O-O 11. e4 dxe4 12. Nxe4 Be7 13. Ng3 Re8 14. a3 Nd5 15. Bd2 Nf8 16. Ne5 Bg5 17. Bxg5 Qxg5 18. Ne4 Qe7 19. Qf3 Nc7 20. Qg3 Rad8 21. Nf3 Nb5 22. Bxb5 axb5 23. Nc5 b6 24. Nxe6 Nxe6 25. Rac1 Qd6 26. Qxd6 Rxd6 27. g3 Red8 28. b4 g6 29. Kg2 Kg7 30. Re3 h5 31. h4 Ra8 32. Rcc3 Nc7 33. Rc1 Ne6 34. Rc2 Ra7 35. Kf1 Ra8 36. Rc1 Ra7 37. Ke2 Kf8 38. Rd3 Ra8 39. Ke3 Re8 40. Kd2 Red8 41. Ke2 c5 42. bxc5 bxc5 43. Rb3 Rxd4 44. Rxb5 Re4+ 45. Kf1 Rd3 46. Ng5 Nxg5 47. hxg5 Re5 48. Rbxc5 Rxc5 49. Rxc5 Rxa3 50. Kg2 Ke7 51. f4 Ra2+ 52. Kh3 Ra4 53. Rc6 Kf8 54. Rb6 Kg7 55. Rf6 Ra5 56. Rb6 Ra2 57. Rb5 1/2-1/2

[Event "XLIV Barbera del Valles-A 2022"]
[Site "Barbera del Valles"]
[Date "2022.07.12"]
[Round "9.6"]
[White "Asis Gargatagli, Hipolito"]
[Black "Vehi Bach, Victor Manuel"]
[Result "1-0"]
[ECO "B01"]
[WhiteElo "2514"]
[BlackElo "2290"]
[Annotator "ChessBase"]
[PlyCount "69"]
[EventDate "2022.07.04"]
[EventType "swiss"]
[EventCountry "ESP"]
[SourceTitle "playchess.com"]
[Source "ChessBase"]
[SourceQuality "1"]
[TimeControl "5400+30"]

1. e4 d5 2. exd5 Qxd5 3. Nc3 Qd8 4. d4 Nf6 5. Nf3 g6 6. Bc4 Bg7 7. Qe2 O-O 8. Bg5 c6 9. h3 Nbd7 10. O-O Nb6 11. Bb3 h6 12. Bd2 a5 13. a3 a4 14. Ba2 Bf5 15. Rac1 Nbd5 16. Nxd5 cxd5 17. Bb4 Re8 18. Ne5 Ra6 19. g4 Bc8 20. c3 Nd7 21. f4 Nxe5 22. fxe5 Be6 23. Qd3 Qd7 24. Kh2 Rf8 25. Bb1 h5 26. gxh5 Bf5 27. Qf3 Bxb1 28. Rxb1 gxh5 29. Qxh5 Rg6 30. Rf4 Bh6 31. Rg4 Kh7 32. Rf1 Qe6 33. Qf5 Qxf5 34. Rxf5 Re6 35. c4 1-0

[Event "XLIV Barbera del Valles-A 2022"]
[Site "Barbera del Valles"]
[Date "2022.07.12"]
[Round "9.7"]
[White "Pimpalkhare Vedant"]
[Black "Barros, Raul Junior"]
[Result "1/2-1/2"]
[ECO "E17"]
[WhiteElo "2057"]
[BlackElo "2174"]
[Annotator "ChessBase"]
[PlyCount "62"]
[EventDate "2022.07.04"]
[EventType "swiss"]
[EventCountry "ESP"]
[SourceTitle "playchess.com"]
[Source "ChessBase"]
[SourceQuality "1"]
[TimeControl "5400+30"]

1. d4 Nf6 2. Nf3 b6 3. g3 e6 4. Bg2 Bb7 5. O-O Be7 6. c4 O-O 7. d5 exd5 8. Nh4 Ne4 9. cxd5 Bxh4 10. Bxe4 Bf6 11. Nc3 d6 12. Qc2 g6 13. Bg2 Nd7 14. Bh6 Re8 15. Rac1 a5 16. a3 Ba6 17. b4 axb4 18. axb4 Bc4 19. b5 Nc5 20. Rb1 Ra3 21. Bd2 Bxe2 22. Nxe2 Rxe2 23. Rbe1 Qe8 24. Qc4 Rxe1 25. Rxe1 Ra1 26. Rxa1 Bxa1 27. Bf3 Qe5 28. Be3 Qf5 29. Kg2 Bf6 30. h4 Qd3 31. Qg4 Qxb5 1/2-1/2

[Event "XLIV Barbera del Valles-A 2022"]
[Site "Barbera del Valles"]
[Date "2022.07.12"]
[Round "9.8"]
[White "Sanchez, Sebastian Felipe"]
[Black "Comellas Blanchart, Jordi"]
[Result "1-0"]
[ECO "A64"]
[WhiteElo "2440"]
[BlackElo "1945"]
[Annotator "ChessBase"]
[PlyCount "57"]
[EventDate "2022.07.04"]
[EventType "swiss"]
[EventCountry "ESP"]
[SourceTitle "playchess.com"]
[Source "ChessBase"]
[SourceQuality "1"]
[TimeControl "5400+30"]

1. d4 Nf6 2. c4 g6 3. g3 Bg7 4. Bg2 O-O 5. Nf3 c5 6. d5 d6 7. Nc3 e6 8. O-O Re8 9. Nd2 exd5 10. cxd5 a6 11. a4 Nbd7 12. h3 Qc7 13. Nc4 Ne5 14. Na3 Rb8 15. f4 Ned7 16. e4 c4 17. Be3 Nc5 18. e5 dxe5 19. d6 Qb6 20. fxe5 Nfd7 21. Nxc4 Qb4 22. Qd5 Nxe5 23. Nxe5 Rxe5 24. Qxf7+ Kh8 25. Qc7 Bd7 26. Qxb8+ Re8 27. Nd5 Qb3 28. Qc7 Rxe3 29. Ra3 1-0